 Dungeon Crawl Stone Soup version 0.30-a0-313-gae38170b09 (webtiles) character file.

Game seed: 7594174323238236452

388 Babtu the Chopper (level 6, -4/56 HPs)
             Began as a Minotaur Fighter on Oct 26, 2022.
             Succumbed to their own poison gas
             ... on level 5 of the Dungeon.
             The game lasted 00:10:14 (3284 turns).

Babtu the Chopper (Minotaur Fighter)                Turns: 3284, Time: 00:10:15

Health: -4/56      AC: 12    Str: 22    XL:     6   Next: 49%
Magic:  5/5        EV:  6    Int:  5    God:
Gold:   236        SH:  4    Dex: 10    Spells: 5/5 levels left

rFire   . . .      SeeInvis .    a - +2 war axe
rCold   . . .      Faith    .    c - +0 buckler
rNeg    . . .      Spirit   .    l - +0 plate armour
rPois   .          Reflect  .    (helmet restricted)
rElec   .          Harm     .    (no cloak)
rCorr   +          Rampage  .    (no gloves)
Will    .....                    (no boots)
Stlth   ..........               (no amulet)
HPRegen 0.29/turn                b - ring of resist corrosion
MPRegen 0.09/turn                n - +4 ring of slaying

@: lethally poisoned (-4 -> -36)
A: horns 2, retaliatory headbutt
a: no special abilities


You were on level 5 of the Dungeon.
You visited 1 branch of the dungeon, and saw 5 of its levels.

You collected 236 gold pieces.

Inventory:

Hand Weapons
 a - a +2 war axe (weapon)
Armour
 c - a +0 buckler (worn)
 l - a +0 plate armour (worn)
Jewellery
 b - a ring of resist corrosion (left hand)
 m - a +6 ring of intelligence
 n - a +4 ring of slaying (right hand)
Wands
 h - a wand of paralysis (12)
Scrolls
 f - 2 scrolls of fear
 g - a scroll of blinking {unknown}
 k - 2 scrolls of poison
 q - a scroll of magic mapping {unknown}
Potions
 d - a potion of might
 e - 2 potions of mutation
 i - a potion of curing {unknown}
 j - 3 potions of berserk rage
 p - 2 potions of heal wounds {unknown}
 r - a potion of brilliance {unknown}


   Skills:
 + Level 5.4 Fighting
 * Level 6.1 Axes
 + Level 5.3 Armour
 - Level 3.8 Shields


You had 5 spell levels left.
You didn't know any spells.
Your spell library contained the following spells:

 Spells                   Type           Power      Damage    Failure   Level
 Ozocubu's Armour         Ice            0%         N/A       100%        3
 Ozocubu's Refrigeration  Ice            0%         4d7       100%        7


Dungeon Overview and Level Annotations

Branches:
Dungeon (5/15)
 Temple: D:4-7

Altars:


Innate Abilities, Weirdness & Mutations

You have a pair of horns on your head.
You reflexively headbutt those who attack you in melee.


Message History

The ice beast hits you but does no damage.
You hit the ice beast but do no damage.
The ice beast hits you but does no damage.
You slash the ice beast! You headbutt the ice beast.
The ice beast is severely wounded.
The ice beast hits you but does no damage. x2
You slash the ice beast!
The ice beast is almost dead.
The ice beast hits you but does no damage.
You slice the ice beast!!
You kill the ice beast!
Your Axes skill increases to level 6!
A scorpion is nearby!
Really walk into that cloud of poison gas?
Okay, then.
A scorpion is nearby!
A scorpion is nearby!
A scorpion is nearby!
A scorpion is nearby!
A scorpion is nearby!
A scorpion is nearby!
A scorpion is nearby!
Unknown command.
A scorpion is nearby!
Unknown command.
Really walk into that cloud of poison gas? [Y]es or [N]o only, please.
Really walk into that cloud of poison gas?
You are engulfed in poison gas.
You are poisoned.
You feel very sick.
Really walk into that cloud of poison gas?
You are engulfed in poison gas.
You are more poisoned.
You feel extremely sick.
You are engulfed in poison gas.
You are more poisoned.
* * * LOW HITPOINT WARNING * * *
x2 You feel extremely sick.
There is a lethal amount of poison in your body!
You die...

### # #...#
###.#.##
#####>°°...
#......°#.# .
#.###.#@#☼###.°
.....○°.§.°☼.○§
#.###..○○☼°☼☼○°
#s#..☼...○#
#.#.#####.#
#.....§°.......
#.s...#°###....
.....(..§ ..
#.... §..


You could see a scorpion.

Vanquished Creatures
  An ice beast (D:5)
  An ogre (D:4)
  Ijyb (D:3)
  7 gnolls
  4 adders
  An ufetubus (D:4)
  A dart slug (D:3)
  6 endoplasms
  6 giant cockroaches
  9 hobgoblins
  8 jackals
  6 quokkas
  6 ball pythons
  8 bats
  4 frilled lizards (D:2)
  4 goblins
  5 kobolds
  4 rats
82 creatures vanquished.

Notes
Turn   | Place    | Note
-------+----------+-------------------------------------------
     0 | D:1      | Babtu the Minotaur Fighter began the quest for the Orb.
     0 | D:1      | Reached XP level 1. HP: 19/19 MP: 0/0
   209 | D:1      | Reached XP level 2. HP: 26/27 MP: 1/1
   222 | D:1      | Found a faded altar of an unknown god.
   427 | D:1      | Reached skill level 3 in Axes
   638 | D:1      | Reached XP level 3. HP: 32/33 MP: 2/2
  1174 | D:2      | Reached skill level 4 in Axes
  1174 | D:2      | Reached XP level 4. HP: 39/40 MP: 3/3
  1495 | D:3      | Noticed Ijyb
  1501 | D:3      | Paralysed by Ijyb for 2 turns
  1503 | D:3      | Killed Ijyb
  1683 | D:3      | Reached XP level 5. HP: 44/47 MP: 4/4
  2793 | D:4      | Reached skill level 5 in Axes
  2916 | D:4      | Noticed an ogre
  2919 | D:4      | Killed an ogre
  2920 | D:4      | Reached skill level 5 in Fighting
  2920 | D:4      | Reached skill level 5 in Armour
  2920 | D:4      | Reached XP level 6. HP: 43/56 MP: 5/5
  3267 | D:5      | Entered Level 5 of the Dungeon
  3267 | D:5      | Noticed an ice beast
  3280 | D:5      | Killed an ice beast
  3281 | D:5      | Reached skill level 6 in Axes
  3284 | D:5      | Succumbed to their own poison gas

Illustrated notes

Levels and vault maps discovered:
D:1:      wander_arrival_abandoned_jail, layout_basic,
          shapermc_ecumenical_altar_petra, grunt_decor_resistance,
          solitary_fountain
D:2:      layout_rooms, minmay_shallow_snake_nest
D:3:      layout_basic, kennysheep_potato, uniq_ijyb
D:4:      layout_basic
D:5:      old_forge, layout_basic, minmay_temple_entry_butterflies,
          portal_sewer_entry_b, glass_columns_a

Skill      XL: |  1  2  3  4  5  6 |
---------------+-------------------+-----
Axes           | 3 4 5 6 |  6.1
Fighting       | 4 5 |  5.4
Armour         | 4 5 |  5.3
Shields        | |  3.8

Action                   |  1- 3 |  4- 6 || total
-------------------------+-------+-------++-------
Melee: War axe           |    82 |    73 ||   155
       Headbutt          |     7 |    10 ||    17
  Use: Scroll            |       |     8 ||     8
Armor: Scale mail        |    44 |     5 ||    49
       Plate armour      |       |    42 ||    42
Dodge: Dodged            |    42 |    23 ||    65
Block: Buckler           |    19 |    11 ||    30

Table legend: (Time is in decaauts)
 A = Elapsed time spent in this place.
 B = Non-inter-level travel time spent in this place.
 C = Inter-level travel time spent in this place.
 D = Time resting spent in this place.
 E = Time spent auto-exploring this place.
 F = Levels seen in this place.
 G = Mean time per level.
                   A        B        C        D        E       F      G
               +--------+--------+--------+--------+--------+-----+--------+
         Total |   3335 |   3170 |    165 |    632 |   2013 |   5 |  667.0 |
       Dungeon |   3335 |   3170 |    165 |    632 |   2013 |   5 |  667.0 |
               +--------+--------+--------+--------+--------+-----+--------+

Top non-repeatable levels by time:
     D:3: 1315 daAuts
     D:1: 884 daAuts
     D:4: 571 daAuts
     D:2: 545 daAuts
     D:5: 18 daAuts
